 Dungeon Crawl Stone Soup version 0.18.1-5-g4a78601 (webtiles) character file.

114 jacquesderrida the Charmwright (level 4, 0/23 HPs)
             Began as a Vine Stalker Skald on May 10, 2016.
             Was an Initiate of Ashenzari.
             Slain by a kobold
             ... wielding a +0 short sword
              (5 damage)
             ... in a sewer.
             The game lasted 00:05:13 (1064 turns).

jacquesderrida the Charmwright (Vine Stalker Skald) Turns: 1064, Time: 00:05:14

Health: 0/23       AC:  3    Str: 14    XL:     4   Next: 98%
Magic:  0/8        EV: 10    Int: 13    God:    Ashenzari [......]
Gold:   63         SH:  0    Dex: 14    Spells: 2 memorised, 3 levels left

rFire  . . .     SeeInvis .     a - +0 spear
rCold  . . .     Gourm    .     b - +0 leather armour
rNeg   . . .     Faith    .     (no shield)
rPois  .         Spirit   +     (no helmet)
rElec  .         Dismiss  .     (no cloak)
rCorr  .         Reflect  .     (no gloves)
SustAt .         Harm     .     (no boots)
MR     .....                    (no amulet)
Stlth  +.........               (no ring)
                                (no ring)

@: very slightly contaminated, drained, not resistant to hostile enchantments,
very unstealthy
A: fangs 2, regeneration 1, magic shield, antimagic bite, no device heal 3, rot
immunity
a: Curse Item, Renounce Religion


You were in a sewer.
You worshipped Ashenzari.
Ashenzari was noncommittal.
You were hungry.

You visited 1 branch of the dungeon, and saw 3 of its levels.
You also visited: Sewer.

You collected 63 gold pieces.

Inventory:

Hand Weapons
 a - a +0 spear (weapon)
Armour
 b - a +0 leather armour (worn)
Scrolls
 g - 3 scrolls of identify {unknown}
 h - a scroll of blinking {unknown}
 i - a scroll of recharging {unknown}
 k - a scroll of fog {unknown}
 m - a scroll of enchant armour {unknown}
 n - a scroll of immolation {unknown}
Potions
 j - a potion of haste
Books
 c - a book of Battle

   Spells                             Type                      Level
   a - Infusion                       Charms                       1
   b - Shroud of Golubria             Charms/Translocation         2
   c - Song of Slaying                Charms                       2
   d - Spectral Weapon                Hexes/Charms                 3
   e - Regeneration                   Charms/Necromancy            3
Comestibles
 d - a bread ration
 f - a meat ration
 p - 2 chunks of flesh


   Skills:
 - Level 1.7(1.1) Fighting
 + Level 3.2(2.5) Polearms
 - Level 0.7(0.0) Armour
 - Level 0.7(0.0) Dodging
 - Level 2.1(1.5) Spellcasting
 + Level 2.2(1.5) Hexes
 - Level 3.7(3.0) Charms


You had 3 spell levels left.
You knew the following spells:

 Your Spells              Type           Power        Failure   Level  Hunger
a - Infusion              Chrm           #...         12%         1    ##.....
b - Spectral Weapon       Hex/Chrm       #.......     41%         3    ####...


Dungeon Overview and Level Annotations

Branches:
Dungeon (3/15)

Altars:
Ashenzari


Innate Abilities, Weirdness & Mutations

You have extremely sharp teeth.
Your natural rate of healing is unusually fast.
When hurt, damage is shared between your health and your magic reserves.
Your bite disrupts and absorbs the magic of your enemies.
Potions and wands cannot restore your health.
You are immune to rotting.


Message History

Casting: Spectral Weapon
Confirm with . or Enter, or press ? or * to list all spells.
You draw out your weapon's spirit!
You are feeling hungry.
The kobold hits you. The kobold hits you with a short sword.
* * * LOW HITPOINT WARNING * * *
The kobold hits you with a dagger of draining.
* * * LOW HITPOINT WARNING * * *
You feel drained.
You closely miss the kobold. You bite the kobold, but do no damage.
Your spectral weapon closely misses the kobold.
The kobold barely misses you. The kobold hits you but does no damage.
You feel drained. The kobold barely misses you.
Unknown command.
You barely miss the kobold. You bite the kobold. You drain its power.
You feel invigorated.
The kobold is moderately wounded.
Your spectral weapon barely misses the kobold.
The kobold barely misses you. The kobold hits you with a short sword.
You die...

#≈#≈≈≈≈≈≈≈≈≈≈≈≈≈.≈ #≈
#≈#≈≈≈≈≈≈≈≈≈≈≈... #≈≈
#≈≈≈≈≈##≈.....##
#≈≈#######≈..##......###
≈≈#!!#..#≈.........†..#
≈≈#)....#..............
#≈≈##.(.S(.....S..###...
#≈≈#!.)KK#.......## ###.
≈≈#!!#@K#..###### ##
≈≈## #######


You could see an adder, 3 kobolds and a friendly spectral spear.

Vanquished Creatures
  2 adders
  4 river rats
  An ooze (D:1)
  4 giant geckos
  3 bats (D:1)
  2 giant cockroaches (D:3)
  A goblin (D:1)
  4 hobgoblins (D:1)
  4 jackals (D:1)
  9 kobolds
  3 ball pythons
  3 giant newts
  20 rats
60 creatures vanquished.

Notes
Turn   | Place    | Note
--------------------------------------------------------------
     0 | D:1      | jacquesderrida the Vine Stalker Skald began the quest for the Orb.
     0 | D:1      | Reached XP level 1. HP: 11/11 MP: 4/4
    65 | D:1      | Found a shattered altar of Ashenzari.
   115 | D:1      | Became a worshipper of Ashenzari the Shackled
   140 | D:1      | Reached XP level 2. HP: 15/15 MP: 6/6
   275 | D:2      | Found a faded altar to an unknown god.
   420 | D:1      | Reached XP level 3. HP: 10/18 MP: 0/7
   647 | D:3      | Learned a level 3 spell: Spectral Weapon
   704 | D:3      | Reached skill level 1 in Hexes
   753 | D:3      | Found a glowing drain.
   757 | Sewer    | Entered a sewer
   798 | Sewer    | Reached XP level 4. HP: 21/23 MP: 6/8
  1064 | Sewer    | Slain by a kobold

Skill      XL: |  1  2  3  4 |
---------------+-------------+-----
Polearms       | 2 3 |  3.2
Hexes          | 1 2 |  2.2
Fighting       | |  1.7
Armour         | |  0.7
Dodging        | |  0.7
Spellcasting   | |  2.1
Charms         | |  3.7

Action                   |  1- 3 |  4- 6 || total
-------------------------+-------+-------++-------
Melee: Spear             |    95 |    77 ||   172
       Bite              |    19 |    18 ||    37
 Cast: Infusion          |     4 |       ||     4
       Spectral Weapon   |     1 |     3 ||     4
  Use: Potion            |       |     4 ||     4
  Eat: Chunk             |       |     2 ||     2
Armor: Leather armour    |    29 |    31 ||    60
Dodge: Dodged            |    48 |    69 ||   117
